[Event "20th Prague Open 2022"]
[Site "Prague"]
[Date "2022.01.09"]
[Round "4.12"]
[White "Mannion, Stephen R"]
[Black "Keerti Shree Reddy"]
[Result "1-0"]
[ECO "B38"]
[WhiteElo "2267"]
[BlackElo "1482"]
[Annotator "RC"]
[PlyCount "125"]
[EventDate "2022.01.07"]
[EventType "swiss"]
[EventCountry "CZE"]
[SourceTitle "playchess.com"]
[Source "ChessBase"]
[SourceQuality "1"]
[TimeControl "40/5400+30:1800+30"]

1. e4 c5 2. Nf3 g6 3. d4 cxd4 4. Nxd4 Bg7 5. c4 Nc6 6. Be3 Nf6 7. Nc3 d6 8. Be2 O-O 9. O-O Bd7 10. Nc2 Ne5 11. f3 Bc6 12. Qd2 b6 13. Rfd1 Rc8 14. Rac1 Bb7 15. b3 h5 16. Nd5 Ned7 17. Nd4 Ba6 18. Bf1 Kh7 19. Kh1 Nc5 20. Bg5 Ng8 21. g3 Bxd4 22. Qxd4 Ne6 23. Qd2 Nxg5 24. Qxg5 Bb7 25. Qe3 Qd7 26. Nf4 Qc6 27. Bg2 Nf6 28. h4 Kg7 29. Bh3 Qc5 30. Qd2 Rcd8 31. Nd5 Rfe8 32. b4 Qc6 33. Qb2 Bc8 34. Bg2 e5 35. Rd3 Be6 36. Qd2 Qc8 37. a3 Rd7 38. Nxf6 Kxf6 39. f4 exf4 40. gxf4 Ke7 41. f5 Bxc4 42. f6+ Kd8 43. Rxd6 Re6 44. Rxd7+ Qxd7 45. Qxd7+ Kxd7 46. Rxc4 Rxf6 47. e5 Rf2 48. Bh3+ Ke7 49. Rc7+ Kf8 50. Rxa7 Re2 51. e6 fxe6 52. Rb7 Re4 53. Kg2 Rxh4 54. Bxe6 Rd4 55. Rxb6 Rd2+ 56. Kg1 Rd1+ 57. Kf2 Ra1 58. Ra6 g5 59. b5 Ke7 60. Bd5 Kd7 61. b6 Rb1 62. b7 Kc7 63. Ra8 1-0

[Event "20th Prague Open 2022"]
[Site "Prague"]
[Date "2022.01.09"]
[Round "4.19"]
[White "Lorans, Sylvain"]
[Black "Macicek, Jakub"]
[Result "1-0"]
[ECO "E20"]
[WhiteElo "2110"]
[BlackElo "2250"]
[Annotator "RC"]
[PlyCount "67"]
[EventDate "2022.01.07"]
[EventType "swiss"]
[EventCountry "CZE"]
[SourceTitle "playchess.com"]
[Source "ChessBase"]
[SourceQuality "1"]
[TimeControl "40/5400+30:1800+30"]

1. d4 Nf6 2. c4 e6 3. Nc3 Bb4 4. f3 c5 5. d5 b5 6. e4 d6 7. Bd2 a6 8. a4 bxa4 9. Qxa4+ Bd7 10. Qc2 e5 11. Bd3 Ng8 12. Nge2 Ne7 13. O-O Ng6 14. f4 exf4 15. Nxf4 Ne5 16. Be2 Bc8 17. Qc1 O-O 18. Nh5 f6 19. Qe1 Ra7 20. Qg3 Kh8 21. Bf4 g6 22. Nb5 Raf7 23. Nxd6 Qxd6 24. Nxf6 Nbc6 25. dxc6 Qd4+ 26. Kh1 Nxc6 27. Bh6 Rd8 28. Rad1 Qxb2 29. Rxd8+ Nxd8 30. Qd6 Ba5 31. Ne8 Rxf1+ 32. Bxf1 Ne6 33. Bg7+ Nxg7 34. Qf8# 1-0

[Event "20th Prague Open 2022"]
[Site "Prague"]
[Date "2022.01.09"]
[Round "4.21"]
[White "Thompson, Ian D"]
[Black "Bochnicka, Vladimir"]
[Result "0-1"]
[ECO "A04"]
[WhiteElo "2095"]
[BlackElo "2222"]
[Annotator "RC"]
[PlyCount "74"]
[EventDate "2022.01.07"]
[EventType "swiss"]
[EventCountry "CZE"]
[SourceTitle "playchess.com"]
[Source "ChessBase"]
[SourceQuality "1"]
[TimeControl "40/5400+30:1800+30"]

1. Nf3 f5 2. d4 Nf6 3. Bg5 e6 4. Nbd2 Be7 5. Bxf6 Bxf6 6. e4 O-O 7. Bd3 d5 8. e5 Be7 9. Qe2 b6 10. O-O c5 11. c3 Bd7 12. a3 Nc6 13. b4 Be8 14. Rfe1 Bh5 15. dxc5 bxc5 16. bxc5 Bxc5 17. Nb3 Bb6 18. c4 Bc7 19. Nc5 Nd4 20. Qe3 Nxf3+ 21. gxf3 f4 22. Qe2 Qe7 23. Nxe6 Qxe6 24. cxd5 Qh3 25. Qf1 Qh4 26. Qg2 Bb6 27. d6 Bg6 28. Bc4+ Kh8 29. e6 Bf5 30. e7 Bh3 31. exf8=Q+ Rxf8 32. Re2 Bxg2 33. Kxg2 Qg5+ 34. Kf1 Qh6 35. Re6 Qxh2 36. Ra2 Qh1+ 37. Ke2 Ba5 0-1

[Event "20th Prague Open 2022"]
[Site "Prague"]
[Date "2022.01.09"]
[Round "4.22"]
[White "Michalczak, Thomas"]
[Black "Mach, Petr"]
[Result "1-0"]
[ECO "B01"]
[WhiteElo "2218"]
[BlackElo "2090"]
[Annotator "RC"]
[PlyCount "203"]
[EventDate "2022.01.07"]
[EventType "swiss"]
[EventCountry "CZE"]
[SourceTitle "playchess.com"]
[Source "ChessBase"]
[SourceQuality "1"]
[TimeControl "40/5400+30:1800+30"]

1. e4 d5 2. exd5 Nf6 3. d4 Nxd5 4. c4 Nb6 5. Nf3 g6 6. h3 Bg7 7. Nc3 O-O 8. Be3 Nc6 9. Be2 e5 10. d5 Ne7 11. g4 f5 12. Qb3 fxg4 13. hxg4 Bxg4 14. Ng5 Bxe2 15. Nxe2 Nf5 16. Rxh7 Qf6 17. Ne4 Qf7 18. O-O-O Nxe3 19. fxe3 Qf3 20. N2g3 Nxc4 21. Rxg7+ Kxg7 22. Qxc4 Qxe3+ 23. Kc2 Rf7 24. Rd3 Qf4 25. d6 cxd6 26. Qe6 Rc7+ 27. Kb3 Qf7 28. Ng5 Qd7 29. a4 Re8 30. Qxd6 Qxd6 31. Rxd6 Kh6 32. N3e4 Ree7 33. Rd1 Rc6 34. Rh1+ Kg7 35. Rh7+ Kf8 36. Rh8+ Kg7 37. Rh7+ Kf8 38. Rh8+ Kg7 39. Rh2 Kf8 40. Rf2+ Kg7 41. Kb4 Rec7 42. Rh2 Kg8 43. Rh6 Rd7 44. Rh2 Rd4+ 45. Ka3 Rcc4 46. b3 Rxe4 47. bxc4 Rxc4 48. Re2 a6 49. Rxe5 b5 50. axb5 axb5 51. Rxb5 Kg7 52. Kb3 Rc8 53. Ne4 Rf8 54. Kc3 Rf5 55. Rb6 Kh6 56. Kd4 Ra5 57. Ke3 Ra1 58. Kf4 Rf1+ 59. Kg4 Rf5 60. Nf6 Kg7 61. Ne4 Kh6 62. Ng3 Ra5 63. Kf4 Rc5 64. Rb1 Ra5 65. Rh1+ Kg7 66. Ne4 Rh5 67. Ra1 Rf5+ 68. Kg4 Kh6 69. Ra7 Rb5 70. Kg3 Rb3+ 71. Kf4 Rb5 72. Kg4 Rb4 73. Re7 Ra4 74. Kf4 Ra5 75. Nf2 Rf5+ 76. Kg3 Ra5 77. Kh4 Rh5+ 78. Kg3 Ra5 79. Nh3 Ra3+ 80. Kg4 Ra5 81. Re6 Rb5 82. Nf4 Rg5+ 83. Kh4 Rg1 84. Ra6 Kh7 85. Ne6 Kh6 86. Ra8 Rh1+ 87. Kg4 Rg1+ 88. Kf4 Rf1+ 89. Kg3 Kh7 90. Ra6 Kh6 91. Ra4 Rf5 92. Ra8 Kh7 93. Kg4 Rf1 94. Ng5+ Kg7 95. Ra7+ Kg8 96. Ne6 Rf6 97. Re7 Rf1 98. Kg5 Rg1+ 99. Kf6 Kh8 100. Re8+ Kh7 101. Ng5+ Kh6 102. Rh8# 1-0

[Event "20th Prague Open 2022"]
[Site "Prague"]
[Date "2022.01.09"]
[Round "4.24"]
[White "Grutter, Tim"]
[Black "Zadrapa, Radek"]
[Result "1-0"]
[ECO "B90"]
[WhiteElo "2194"]
[BlackElo "2021"]
[Annotator "NA RC"]
[PlyCount "91"]
[EventDate "2022.01.07"]
[EventType "swiss"]
[EventCountry "CZE"]
[SourceTitle "playchess.com"]
[Source "ChessBase"]
[SourceQuality "1"]
[TimeControl "40/5400+30:1800+30"]

1. e4 c5 2. Nf3 d6 3. d4 cxd4 4. Nxd4 Nf6 5. Nc3 a6 6. h4 b5 7. a4 b4 8. Nd5 e6 9. Nxf6+ Qxf6 10. Bg5 Qe5 11. Bd3 Nd7 12. Nf3 Qxb2 13. O-O h6 14. Bd2 Be7 15. Qe2 Qf6 16. Bxb4 O-O $16 ({Black should play} 16... e5 $14) 17. e5 Qf4 18. exd6 Qxb4 19. dxe7 Re8 20. Rfb1 Qg4 21. Qe3 Nf6 22. Qc5 Bd7 23. Rb4 Qh5 24. Qxh5 Nxh5 25. Ne5 Ra7 26. Nxd7 Rxd7 27. Bxa6 Rdxe7 28. Rb7 Kf8 29. Rab1 Ra8 30. Rxe7 Kxe7 31. Rb7+ Kd6 32. Bb5 f5 33. c4 Ra5 34. Rb6+ Ke7 35. c5 Nf6 36. Rb7+ Kd8 37. Rxg7 Ne4 38. c6 Nc5 39. Rh7 Nxa4 40. c7+ Kc8 41. Bd7+ Kxc7 42. Bxa4+ Kd6 43. Be8 Ra8 44. Bh5 Ra4 45. g3 f4 46. Rxh6 1-0